 Dungeon Crawl Stone Soup version 0.30-a0-743-gbfdf073431 (webtiles) character file.

Game seed: 17707117248340088599

187 jimonade the Magician (level 5, -7/36 HPs)
             Began as a Djinni Necromancer on Feb 7, 2023.
             Killed by nerve-wracking pain
             ... invoked by an orc priest
              (10 damage)
             ... on level 4 of the Dungeon.
             The game lasted 00:05:38 (2849 turns).

jimonade the Magician (Djinni Necromancer)          Turns: 2849, Time: 00:05:38

Health: -7/36      AC:  9    Str:  9    XL:     5   Next: 99%
Gold:   206        EV: 10    Int: 17    God:
                   SH:  0    Dex: 13

rFire   + + .      SeeInvis .    a - +0 dagger (elec)
rCold   x . .      Faith    .    (no shield)
rNeg    . . .      Spirit   .    n - +4 ring mail
rPois   ∞          Reflect  .    (no helmet)
rElec   .          Harm     .    (no cloak)
rCorr   .          Rampage  .    (no gloves)
Will    .....                    (boots unavailable)
Stlth   +                        (no amulet)
HPRegen 0.26/turn                (no ring)
MPRegen 0.00/turn                (no ring)

@: flying
A: sickness immunity, fire resistance 2, cold vulnerability 1, float, innate
caster, HP casting, extra vitality 1
a: no special abilities


You were on level 4 of the Dungeon.
You visited 1 branch of the dungeon, and saw 4 of its levels.

You collected 206 gold pieces.

Inventory:

Hand Weapons
 a - a +0 dagger of electrocution (weapon)
 b - a +0 sling of electrocution
 s - a +2 vampiric rapier
Missiles
 g - 12 poisoned darts
 j - a throwing net
Armour
 d - a +0 robe
 n - a +4 ring mail (worn)
Scrolls
 c - 5 scrolls of identify {unknown}
 h - a scroll of brand weapon {unknown}
 k - 3 scrolls of silence {unknown}
 m - a scroll of fog {unknown}
 q - 2 scrolls of blinking {unknown}
 u - a scroll of teleportation {unknown}
Potions
 e - a potion of magic
 f - 2 potions of might {unknown}
 i - 2 potions of attraction {unknown}
 l - a potion of lignification {unknown}
 o - a potion of berserk rage {unknown}
 p - 3 potions of curing {unknown}
 r - 2 potions of heal wounds {unknown}
 t - a potion of resistance {unknown}


   Skills:
 + Level 0.8 Fighting
 + Level 0.7 Short Blades
 + Level 1.7 Ranged Weapons
 + Level 0.6 Armour
 + Level 2.6 Dodging
 - Level 1.5 Stealth
 * Level 4.5 Spellcasting


You couldn't memorise any spells.
You knew the following spells:

 Your Spells              Type           Power      Damage    Failure   Level
a - Necrotise             Necr           76%        1d7       6%          1
b - Vampiric Draining     Necr           19%        2d7       19%         3
c - Animate Dead          Necr           19%        N/A       54%         4
d - Agony                 Necr           19%        N/A       87%         5
e - Kiss of Death         Conj/Necr      76%        2d11      6%          1
f - Wereblood             Tmut           19%        N/A       10%         2
Your spell library was empty.

Dungeon Overview and Level Annotations

Branches:
Dungeon (4/15)
 Temple: D:4-7

Altars:
Xom

Shops:
D:2 *


Innate Abilities, Weirdness & Mutations

You are immune to sickness and miasma.
You are immune to poison.
Your flesh is very heat resistant. (rF++)
You are vulnerable to cold. (rC-)
You float through the air rather than walking.
You learn spells naturally, not from books.
Your magical power is your life essence.
You have superior vitality. (+4 MHP)


Message History

The dead are walking!
Your orc skeleton is smitten.
Your orc skeleton is destroyed!
You hear a shout!
The orc priest writhes in agony.
You hear a shout!
The orc priest writhes in agony!
The orc priest closely misses you.
An orc priest comes into view. It is wielding a +0 vampiric war axe.
You barely miss the orc priest.
The orc priest is severely wounded.
The orc priest barely resists.
The orc priest mumbles some strange prayers to Beogh against you.
Beogh smites you!
You are too injured to fight recklessly!
You hit the orc priest.
Lightning courses through the orc priest!
You kill the orc priest!
The orc priest closely misses you.
You hit the orc priest.
The orc priest is lightly wounded.
An orc comes into view. It is wielding a +0 short sword.
An orc comes into view. It is wielding a +0 dagger.
The orc hits you with a +0 short sword.
The orc priest casts a cantrip, but nothing happens.
The orc hits you but does no damage.
You see here a +0 dagger.
You hit the orc priest but do no damage.
Lightning courses through the orc priest!
The orc priest is almost dead.
The orc hits you with a +0 short sword. The orc hits you but does no damage.
The orc priest hits you with a +0 vampiric war axe!
* * * LOW HITPOINT WARNING * * *
The orc attacks as you move away! The orc barely misses you.
The orc attacks as you move away! The orc hits you but does no damage.
The orc priest closely misses you.
There is a stone staircase leading up here.
The orc closely misses you.
The orc priest mumbles some strange prayers to Beogh against you.
Pain shoots through your body!
You die...

## #.##
###..#
#....##
##....# # #
###.##.#.##
#...#....#
#ooo..#
#....#@..#
#....##)##
#.!###. .#
#... . ##
... o #. o.


You could see an orc priest and 2 orcs.

Vanquished Creatures
  An orc priest (D:4)
  2 orc wizards (D:3)
  4 adders
  A worm (D:2)
  7 orcs
  5 ball pythons
  3 bats
  6 endoplasms
  2 giant cockroaches
  6 goblins
  6 hobgoblins
  4 jackals (D:1)
  A quokka (D:3)
  3 frilled lizards
  5 kobolds
  5 rats
61 creatures vanquished.

Vanquished Creatures (collateral kills)
  A dart slug (D:3)
1 creature vanquished.

Grand Total: 62 creatures vanquished

Notes
Turn   | Place    | Note
-------+----------+-------------------------------------------
     0 | D:1      | jimonade the Djinni Necromancer began the quest for the
                  | Orb.
     0 | D:1      | jimonade set off with the following spells memorised:
                  | Necrotise, Vampiric Draining, Animate Dead, Agony.
     0 | D:1      | Reached XP level 1. HP: 15/15 MP: 0/0
   230 | D:1      | Reached XP level 2. HP: 21/21 MP: 0/0
   632 | D:1      | Reached XP level 3. HP: 17/25 MP: 0/0
   632 | D:1      | Learned a level 1 spell: Kiss of Death
   998 | D:2      | Reached skill level 4 in Spellcasting
  1253 | D:2      | Found Toplirch's General Store.
  1294 | D:2      | Reached XP level 4. HP: 23/31 MP: 0/0
  1849 | D:3      | Reached skill level 1 in Ranged Weapons
  1857 | D:3      | Reached XP level 5. HP: 30/36 MP: 0/0
  1857 | D:3      | Learned a level 2 spell: Wereblood
  2700 | D:3      | Found a shimmering altar of Xom.
  2849 | D:4      | Killed from afar by an orc priest

Illustrated notes

Levels and vault maps discovered:
D:1:      matt_arrival_spirals, layout_loops_ring, minmay_door_square
D:2:      layout_basic, serial_shops, shop
D:3:      layout_basic, lemuel_round_altar, grunt_ministairs_2
D:4:      dreamdust_elfheim, layout_cave_pools, uniq_pikel

Skill      XL: |  1  2  3  4 |
---------------+-------------+-----
Spellcasting   | 4 |  4.5
Ranged Weapons | 1 |  1.7
Fighting       | |  0.8
Short Blades   | |  0.7
Armour         | |  0.6
Dodging        | |  2.6
Stealth        | |  1.5

Action                     |  1- 3 |  4- 6 || total
---------------------------+-------+-------++-------
  Melee: Dagger            |    39 |    60 ||    99
   Fire: Sling             |    30 |    11 ||    41
   Cast: Necrotise         |    18 |    37 ||    55
   Stab: Sleeping          |     2 |       ||     2
 Armour: Robe              |     1 |       ||     1
         Ring mail         |     1 |    37 ||    38
  Dodge: Dodged            |    33 |    38 ||    71

Table legend: (Time is in decaauts)
 A = Elapsed time spent in this place.
 B = Non-inter-level travel time spent in this place.
 C = Inter-level travel time spent in this place.
 D = Time resting spent in this place.
 E = Time spent auto-exploring this place.
 F = Levels seen in this place.
 G = Mean time per level.
                   A        B        C        D        E       F      G
               +--------+--------+--------+--------+--------+-----+--------+
         Total |   2856 |   2771 |     85 |      0 |   2266 |   4 |  714.0 |
       Dungeon |   2856 |   2771 |     85 |      0 |   2266 |   4 |  714.0 |
               +--------+--------+--------+--------+--------+-----+--------+

Top non-repeatable levels by time:
     D:3: 1067 daAuts
     D:1: 989 daAuts
     D:2: 769 daAuts
     D:4: 29 daAuts
